[Event "Titled Tuesday Blitz May 2 Late 2023"]
[White "Vargas, Mauricio"]
[Black "Tyagi, Kushan"]
[WhiteFideId "4404572"]
[BlackFideId "2040069"]
[WhiteElo "1998"]
[BlackElo "2060"]
[Result "0-1"]
[Round "04"]
[TimeControl "180+2"]
[Date "2023.05.02"]
[WhiteClock "0:00:02"]
[BlackClock "0:01:00"]

1. e4 c5 2. Nc3 a6 3. Nd5 e6 4. Ne3 b5 5. d3 Bb7 6. f4 Nc6 7. Nf3 d5 8. e5 Nge7 9. g4 h5 10. g5 g6 11. h4 d4 12. Ng2 Nf5 13. Kf2 Nce7 14. Bd2 Rc8 15. Rh3 Nd5 16. Qe1 Be7 17. Kg1 O-O 18. Kh2 c4 19. Be2 c3 20. bxc3 Nxc3 21. Bxc3 Rxc3 22. Qd1 Qc7 23. Rc1 Qc6 24. Bf1 Ba3 25. Rb1 Rxc2 26. Nd2 Rc8 27. Ne4 Be7 28. Nf6+ Bxf6 29. gxf6 Rxg2+ 0-1


[Site "https://www.chess.com"]

[Event "Titled Tuesday Blitz May 2 Late 2023"]
[White "Ismayilova, Khanim"]
[Black "Wang, Alexander J"]
[WhiteFideId "13429019"]
[BlackFideId "30955270"]
[WhiteElo "1633"]
[BlackElo "1815"]
[Result "1/2-1/2"]
[Round "04"]
[TimeControl "180+2"]
[Date "2023.05.02"]
[WhiteClock "0:00:41"]
[BlackClock "0:00:25"]

1. c4 e6 2. Nc3 d5 3. e3 c5 4. Nf3 Nc6 5. d4 Nf6 6. a3 dxc4 7. Bxc4 a6 8. O-O b5 9. Be2 cxd4 10. exd4 Bb7 11. h3 Be7 12. Be3 O-O 13. Rc1 Nd5 14. Nxd5 exd5 15. Bd3 Rc8 16. Bf5 Ra8 17. Rc3 g6 18. Bd3 Rc8 19. Qd2 Na5 20. Rxc8 Bxc8 21. Bh6 Re8 22. Ne5 Nc4 23. Bxc4 dxc4 24. Nc6 Qd5 25. Nxe7+ Rxe7 26. Re1 Rxe1+ 27. Qxe1 Be6 28. Qe5 Qxe5 29. dxe5 Bd5 30. Kf1 Be4 31. g3 a5 32. Ke1 b4 33. axb4 axb4 34. Kd2 Bf5 35. Kc1 Bxh3 36. Bd2 b3 37. Bh6 Bf1 38. Kd2 Bd3 39. Kc3 Be2 40. Kd2 Bd3 41. Kc3 Bf1 42. Kd2 Bg2 43. Kc3 Bf1 44. Kd2 1/2-1/2


[Site "https://www.chess.com"]

[Event "Titled Tuesday Blitz May 2 Late 2023"]
[White "Gabdushev, Ruslan"]
[Black "Munoz Misselis, Nelson Carlos"]
[WhiteFideId "4137833"]
[BlackFideId "6601790"]
[WhiteElo "2233"]
[BlackElo "1749"]
[Result "1-0"]
[Round "04"]
[TimeControl "180+2"]
[Date "2023.05.02"]
[WhiteClock "0:01:29"]
[BlackClock "0:00:52"]

1. b3 c6 2. Bb2 Nf6 3. e3 d6 4. f4 e6 5. Nf3 Be7 6. Be2 O-O 7. O-O Nbd7 8. Qe1 d5 9. Qg3 Kh8 10. d3 a5 11. a3 b5 12. Nbd2 a4 13. b4 Bd6 14. Ne5 Bb7 15. Ndf3 Bxe5 16. fxe5 Ng8 17. Ng5 Qe7 18. Bh5 g6 19. Be2 h6 20. Nf3 Kh7 21. Rab1 f5 22. exf6 Ndxf6 23. Ne5 Qg7 24. Rf2 Nh5 25. Bxh5 Rxf2 26. Bxg6+ Kh8 27. Qxf2 1-0


[Site "https://www.chess.com"]

[Event "Titled Tuesday Blitz May 2 Late 2023"]
[White "Firouzja, Alireza"]
[Black "Henriquez Villagra, Cristobal"]
[WhiteFideId "12573981"]
[BlackFideId "3409350"]
[WhiteElo "2904"]
[BlackElo "2542"]
[Result "1/2-1/2"]
[Round "05"]
[TimeControl "180+2"]
[Date "2023.05.02"]
[WhiteClock "0:00:05"]
[BlackClock "0:00:11"]

1. d4 d5 2. Bg5 Nd7 3. e3 Ngf6 4. Nd2 c5 5. Ngf3 e6 6. c3 b6 7. Bd3 Bb7 8. O-O Be7 9. Qb1 h6 10. Bh4 O-O 11. b4 cxb4 12. cxb4 Rc8 13. a3 Rc3 14. Rc1 Rxc1+ 15. Qxc1 Qa8 16. Ne5 Rc8 17. Qb2 Kf8 18. f4 Rc7 19. Ndf3 Qc8 20. f5 Nxe5 21. dxe5 Ne4 22. f6 gxf6 23. exf6 Bd6 24. Rd1 Nc3 25. Rf1 e5 26. Bg3 Qe6 27. Nh4 e4 28. Bxd6+ Qxd6 29. Be2 Bc8 30. Kh1 d4 31. exd4 Qxd4 32. Qc1 e3 33. Nf3 Qxf6 34. Bd3 e2 35. Re1 Bb7 36. Bxe2 Re7 37. Bd3 Bxf3 38. Rxe7 Bxg2+ 39. Kxg2 Kxe7 40. Qe3+ Kd6 41. Bc4 Qg5+ 42. Qxg5 hxg5 43. Bxf7 Nb5 44. a4 Nc3 45. Bb3 Ke5 46. Kf3 Ne4 47. Kg4 Kf6 48. Bc2 Nc3 49. a5 Nd5 50. axb6 axb6 51. Bb3 Nxb4 52. h4 gxh4 53. Kxh4 Ke5 54. Kg3 Kd4 55. Kf2 Kc3 56. Ba4 Kd2 57. Kf3 Nd5 58. Be8 Nc3 59. Kf4 Kd3 60. Ke5 Kc4 61. Bf7+ Kc5 62. Be8 Nd5 63. Bd7 b5 64. Bxb5 1/2-1/2


[Site "https://www.chess.com"]

[Event "Titled Tuesday Blitz May 2 Late 2023"]
[White "Kramnik, Vladimir"]
[Black "Andreikin, Dmitry"]
[WhiteFideId "4101588"]
[BlackFideId "4158814"]
[WhiteElo "2712"]
[BlackElo "2736"]
[Result "0-1"]
[Round "05"]
[TimeControl "180+2"]
[Date "2023.05.02"]
[WhiteClock "0:00:02"]
[BlackClock "0:00:08"]

1. e4 c5 2. Nf3 Nc6 3. d4 cxd4 4. Nxd4 Nf6 5. Nc3 e6 6. Ndb5 Bb4 7. a3 Bxc3+ 8. Nxc3 d5 9. Bd3 dxe4 10. Nxe4 Nxe4 11. Bxe4 Qxd1+ 12. Kxd1 Bd7 13. Bd2 O-O-O 14. Re1 f5 15. Bxc6 Bxc6 16. f3 g5 17. Kc1 g4 18. Rxe6 gxf3 19. gxf3 Bxf3 20. b3 Rhg8 21. Be3 Rg2 22. Kb2 Re2 23. Re5 b6 24. Bf4 Be4 25. Rc1 Rd7 26. Re8+ Kb7 27. Rb8+ Ka6 28. Rc8 h5 29. Rg1 Rf2 30. Bg3 Re2 31. Bf4 Rf2 32. Bg3 Rf3 33. Re1 Rd2 34. a4 h4 35. Bxh4 Kb7 36. Rc4 Rxh2 37. Bf6 Rff2 38. Rc1 Re2 39. b4 Bd5 40. Rd4 Kc6 41. b5+ Kd6 42. Bg5 Ke6 43. Bf4 Rhf2 44. Bg3 Rf3 45. Re1 Rxe1 46. Bxe1 f4 47. Bd2 Ke5 48. Bc3 Ke6 49. Bd2 Ke5 50. Bc3 Re3 51. Rd2+ Ke6 52. Bd4 Re4 53. Kc3 f3 54. Rh2 Re2 55. Rh6+ Kf5 56. Rf6+ Kg4 57. Rd6 Be4 58. Re6 Rxc2+ 59. Kb4 Re2 60. a5 Kf5 61. Re5+ Kf4 62. axb6 axb6 63. Re7 f2 64. Rf7+ Bf5 65. Bxf2 Rxf2 66. Rf6 Rb2+ 67. Kc4 Ke5 68. Rxb6 Be6+ 69. Kc5 Rc2+ 70. Kb4 Bd5 71. Rb8 Kd4 72. Rd8 Rb2+ 73. Ka5 Kc5 74. Rc8+ Kd6 75. Kb6 Be6 76. Rc7 Bd7 77. Rc5 Be8 78. Rg5 Bf7 79. Rf5 Be6 80. Rc5 Rf2 81. Rc6+ Ke7 82. Rc7+ Bd7 83. Kb7 Kd6 84. b6 Rf7 85. Kb8 Rg7 86. Ka7 Rg5 87. Kb7 Rb5 88. Rc2 Be6 89. Rd2+ Bd5+ 90. Ka6 Rb3 91. Ka5 Kc5 92. Rc2+ Bc4 93. Rxc4+ Kxc4 94. Ka6 Kc5 95. b7 Ra3# 0-1


[Site "https://www.chess.com"]

[Event "Titled Tuesday Blitz May 2 Late 2023"]
[White "Dardha, Daniel"]
[Black "Grischuk, Alexander"]
[WhiteFideId "240990"]
[BlackFideId "4126025"]
[WhiteElo "2581"]
[BlackElo "2727"]
[Result "1/2-1/2"]
[Round "05"]
[TimeControl "180+2"]
[Date "2023.05.02"]
[WhiteClock "0:00:03"]
[BlackClock "0:00:02"]

1. d4 Nf6 2. Bg5 d5 3. e3 c5 4. Bxf6 exf6 5. dxc5 Bxc5 6. c3 Nc6 7. Nd2 O-O 8. Ngf3 f5 9. g3 Bb6 10. Bg2 Qf6 11. O-O Be6 12. Nd4 Rad8 13. Qe2 Bc8 14. a4 Rfe8 15. Qb5 Ne7 16. a5 Bc7 17. c4 a6 18. Qb3 f4 19. cxd5 Be5 20. d6 Bxd6 21. Ne4 Qh6 22. exf4 Bxf4 23. Rad1 Be5 24. Nf3 Bc7 25. Neg5 Qg6 26. Rfe1 Rxd1 27. Qxd1 h6 28. Qa4 Qc6 29. Qxc6 bxc6 30. Ne4 Bxa5 31. Ra1 Bb4 32. Ne5 a5 33. Nd3 Nd5 34. Nxb4 axb4 35. Nd6 Rd8 36. Nxc8 Rxc8 37. Ra7 Nf6 38. Bf1 Ne8 39. Rb7 c5 40. Rb6 Kf8 41. Bc4 Ke7 42. Rb7+ Rc7 43. Rb8 Nd6 44. Bd5 g5 45. Rb6 h5 46. b3 Rd7 47. Bc6 Rc7 48. Bd5 Rd7 49. Bc6 Rc7 50. Bd5 1/2-1/2


[Site "https://www.chess.com"]

[Event "Titled Tuesday Blitz May 2 Late 2023"]
[White "Indjic, Aleksandar"]
[Black "Sarana, Alexey"]
[WhiteFideId "911925"]
[BlackFideId "24133795"]
[WhiteElo "2614"]
[BlackElo "2714"]
[Result "0-1"]
[Round "05"]
[TimeControl "180+2"]
[Date "2023.05.02"]
[WhiteClock "0:00:01"]
[BlackClock "0:00:07"]

1. d4 Nf6 2. c4 e6 3. Nc3 d5 4. cxd5 exd5 5. Bg5 c6 6. e3 Be7 7. Bd3 h6 8. Bh4 O-O 9. Bg3 c5 10. Nge2 cxd4 11. Nxd4 Nc6 12. Nxc6 bxc6 13. O-O Be6 14. e4 Qb6 15. Na4 Qa5 16. e5 Ne4 17. Bxe4 dxe4 18. Qc2 Rfd8 19. Qxe4 Rab8 20. b3 c5 21. Nb2 Rd4 22. Qe3 Rbd8 23. h3 Qa3 24. Qc1 Qb4 25. Rd1 h5 26. Rxd4 cxd4 27. Nd3 Qb5 28. Qf1 h4 29. Bf4 Bf5 30. Rd1 Rc8 31. Nb2 Qa5 32. Nc4 Qxa2 33. Rxd4 Be6 34. Nd6 Rc2 35. Rb4 Rb2 36. Rb8+ Kh7 37. Qd3+ g6 38. Be3 Rb1+ 39. Kh2 Qa1 40. g3 Rh1+ 41. Kg2 hxg3 42. Kf3 Rxh3 43. Qd4 Qh1+ 44. Ke2 g2 45. Nxf7 Qf1+ 46. Kd2 g1=Q 0-1


[Site "https://www.chess.com"]

[Event "Titled Tuesday Blitz May 2 Late 2023"]
[White "Livaic, Leon"]
[Black "Matlakov, Maxim"]
[WhiteFideId "14531534"]
[BlackFideId "4168003"]
[WhiteElo "2509"]
[BlackElo "2666"]
[Result "1/2-1/2"]
[Round "05"]
[TimeControl "180+2"]
[Date "2023.05.02"]
[WhiteClock "0:00:07"]
[BlackClock "0:00:04"]

1. d4 Nf6 2. c4 e6 3. Nf3 d5 4. Nc3 Be7 5. g3 O-O 6. Bg2 Nbd7 7. Qd3 Nb6 8. b3 c5 9. cxd5 Nbxd5 10. Nxd5 Nxd5 11. Bb2 cxd4 12. O-O Bd7 13. Qxd4 Bf6 14. Qd2 Bxb2 15. Qxb2 Rc8 16. Rac1 Bb5 17. Rxc8 Qxc8 18. Rc1 Qd7 19. Nd4 Ba6 20. e3 h6 21. Qc2 Nb4 22. Qc7 Qxc7 23. Rxc7 Nxa2 24. Bxb7 Bd3 25. Nc6 a6 26. Rd7 Bb5 27. Rd2 Nc3 28. Nd4 Rb8 29. Nxb5 axb5 30. Bf3 Rc8 31. Rd7 g6 32. Rb7 Kg7 33. Kg2 Kf6 34. h4 g5 35. hxg5+ hxg5 36. Rb6 Ke5 37. Bc6 b4 38. Bf3 Na2 39. Be2 Rc2 40. Bc4 Nc3 41. Rxb4 Nd1 42. Rb5+ Kf6 43. Kf1 Nxf2 44. Ke1 Ng4 45. e4 Ne3 46. e5+ Kg7 47. Bd3 Ng2+ 48. Kd1 Ne3+ 49. Ke1 Rg2 50. b4 Rb2 51. Rb7 Ng4 52. b5 Nxe5 53. Be2 Kf6 54. Kd1 g4 55. b6 Rb3 56. Kc2 Rxg3 57. Rc7 Rg2 58. b7 Rxe2+ 59. Kc3 Re3+ 60. Kc2 Re2+ 61. Kc3 Re3+ 62. Kc2 Re2+ 1/2-1/2


[Site "https://www.chess.com"]

[Event "Titled Tuesday Blitz May 2 Late 2023"]
[White "Hakobyan, Aram"]
[Black "Sieciechowicz, Marcin"]
[WhiteFideId "13306677"]
[BlackFideId "1130170"]
[WhiteElo "2584"]
[BlackElo "2302"]
[Result "1-0"]
[Round "05"]
[TimeControl "180+2"]
[Date "2023.05.02"]
[WhiteClock "0:00:27"]
[BlackClock "0:00:01"]

1. d4 d5 2. c4 c6 3. cxd5 cxd5 4. Bf4 Nc6 5. e3 Nf6 6. Bd3 e6 7. Nc3 Bd6 8. Bxd6 Qxd6 9. f4 b6 10. Rc1 Bb7 11. Nf3 O-O 12. O-O Rac8 13. Ne5 Ne7 14. Qf3 Qb4 15. Rc2 Ne4 16. Rfc1 Nxc3 17. bxc3 Qd6 18. Qh3 h6 19. g4 f6 20. Nf3 Rc7 21. g5 fxg5 22. fxg5 Nf5 23. Re1 Bc8 24. Ne5 Qe7 25. Rg2 Kh7 26. gxh6 g5 27. Qh5 Qf6 28. Rxg5 Qxh6 29. Qxh6+ Kxh6 30. Rg6+ Kh7 31. Rf1 Rxc3 32. Rf3 Nh4 33. Rxf8 1-0


[Site "https://www.chess.com"]

[Event "Titled Tuesday Blitz May 2 Late 2023"]
[White "Sai Krishna G V"]
[Black "Bortnyk, Mykola"]
[WhiteFideId "5028280"]
[BlackFideId "14120836"]
[WhiteElo "2359"]
[BlackElo "2582"]
[Result "0-1"]
[Round "05"]
[TimeControl "180+2"]
[Date "2023.05.02"]
[WhiteClock "0:00:01"]
[BlackClock "0:00:33"]

1. e4 Nf6 2. e5 Nd5 3. d4 d6 4. c4 Nb6 5. f4 dxe5 6. fxe5 Nc6 7. Be3 Bf5 8. Nf3 e6 9. Be2 Qd7 10. O-O O-O-O 11. a3 f6 12. exf6 gxf6 13. b4 Rg8 14. b5 Qg7 15. Rf2 Ne5 16. Nxe5 fxe5 17. d5 exd5 18. Qf1 Bxb1 19. Rxb1 d4 20. Rf7 Qg6 21. Bd3 e4 22. Rf6 Qe8 23. Qf5+ Kb8 24. Re6 Qd7 25. Bg5 exd3 26. Bxd8 Qxd8 27. Qxd3 Bc5 28. Rbe1 Nc8 29. Kh1 h5 30. Qf5 b6 31. Qxh5 d3 32. Qd5 Qxd5 33. cxd5 Rd8 34. Rd1 Rxd5 35. g4 Nd6 36. h4 Rd4 37. h5 Rxg4 38. Rxd3 Rh4+ 39. Kg2 Rxh5 40. Kf3 Rh3+ 41. Ke2 Rxd3 42. Kxd3 Nxb5 43. a4 Nd6 44. Kc3 Kb7 45. Kb3 a6 46. Rh6 b5 47. axb5 axb5 48. Rh5 Bb6 49. Kb4 c5+ 50. Kb3 Kc6 51. Rh8 c4+ 52. Kb4 Bc5+ 53. Ka5 c3 54. Rh2 Nc4+ 55. Ka6 Bd6 56. Rh4 c2 57. Rh1 Bf4 58. Rh8 c1=Q 59. Rc8+ Bc7 0-1


[Site "https://www.chess.com"]

[Event "Titled Tuesday Blitz May 2 Late 2023"]
[White "Nakamura, Hikaru"]
[Black "Kovalenko, Igor"]
[WhiteFideId "2016192"]
[BlackFideId "14117908"]
[WhiteElo "2885"]
[BlackElo "2574"]
[Result "1-0"]
[Round "05"]
[TimeControl "180+2"]
[Date "2023.05.02"]
[WhiteClock "0:00:10"]
[BlackClock "0:00:08"]

1. Nf3 d5 2. e3 c6 3. c4 e6 4. d4 Nd7 5. Bd3 g6 6. e4 dxe4 7. Bxe4 Bg7 8. O-O Ne7 9. Bf4 O-O 10. Nc3 b6 11. Nb5 Nf6 12. Nd6 Nxe4 13. Nxe4 Nf5 14. c5 Ba6 15. Re1 Nxd4 16. Bd6 Nxf3+ 17. Qxf3 Re8 18. Rad1 Bc4 19. Be5 Bd5 20. Bxg7 Kxg7 21. Qc3+ f6 22. a3 bxc5 23. Nxc5 e5 24. b4 Qe7 25. f4 e4 26. Rd4 Qd6 27. g3 Qe7 28. Nxe4 Bxe4 29. Rdxe4 Qxe4 30. Rxe4 Rxe4 31. Qxc6 Rae8 32. Qa6 R8e7 33. Kf2 f5 34. Qd3 Kh6 35. b5 R7e6 36. Kf3 Re7 37. h3 Kg7 38. g4 fxg4+ 39. hxg4 Re1 40. a4 R1e6 41. a5 Rf7 42. Qd4+ Kg8 43. Kg3 Ref6 44. b6 axb6 45. a6 Rc6 46. Kh4 Rc5 47. Qd8+ Kg7 48. Qxb6 Rcc7 49. Qd4+ Kf8 50. Kg5 Rfd7 51. Qh8+ Ke7 52. Qxh7+ Kd6 53. Qxg6+ Kc5 54. Qc2+ Kb6 55. Qb2+ Kxa6 56. f5 Rg7+ 57. Kh4 Rh7+ 58. Kg3 Rb7 59. Qa2+ Kb5 60. Qd5+ Kb6 61. f6 Rbd7 62. Qe6+ Kc7 63. g5 Rd6 64. Qe5 Kd7 65. Qf5+ 1-0


[Site "https://www.chess.com"]

[Event "Titled Tuesday Blitz May 2 Late 2023"]
[White "Caruana, Fabiano"]
[Black "Hansen, Eric"]
[WhiteFideId "2020009"]
[BlackFideId "2606771"]
[WhiteElo "2837"]
[BlackElo "2561"]
[Result "1-0"]
[Round "05"]
[TimeControl "180+2"]
[Date "2023.05.02"]
[WhiteClock "0:01:03"]
[BlackClock "0:00:03"]

1. e4 e5 2. Nf3 Nc6 3. Bb5 Nf6 4. d3 Bc5 5. Bxc6 dxc6 6. Nbd2 Be6 7. O-O Nd7 8. Nb3 Bb6 9. Ng5 Qe7 10. Nxe6 Qxe6 11. Kh1 O-O 12. f4 exf4 13. Bxf4 f5 14. e5 Rf7 15. d4 Nf8 16. Qe2 Qg6 17. c4 a5 18. a4 Ne6 19. c5 Ba7 20. Bd2 Rd8 21. Bc3 b6 22. Qa6 Bb8 23. cxb6 cxb6 24. Qxb6 Rc8 25. Nxa5 Ng5 26. Qa6 Rfc7 27. Qc4+ Kh8 28. Nb3 h5 29. Nc5 Ba7 30. b4 h4 31. Rf4 Qh7 32. Be1 Bxc5 33. Rxh4 1-0


[Site "https://www.chess.com"]

[Event "Titled Tuesday Blitz May 2 Late 2023"]
[White "Fedoseev, Vladimir"]
[Black "Suleymanli, Aydin"]
[WhiteFideId "24130737"]
[BlackFideId "13413937"]
[WhiteElo "2752"]
[BlackElo "2559"]
[Result "0-1"]
[Round "05"]
[TimeControl "180+2"]
[Date "2023.05.02"]
[WhiteClock "0:00:01"]
[BlackClock "0:00:08"]

1. e4 c5 2. Nf3 d6 3. c3 Nf6 4. Bd3 Nc6 5. Bc2 g6 6. h3 Bg7 7. O-O e5 8. Na3 O-O 9. Re1 a6 10. Nc4 b5 11. Ne3 Be6 12. Ng5 h6 13. Nxe6 fxe6 14. d3 Kh7 15. a4 Qd7 16. Ng4 Nh5 17. g3 d5 18. Qe2 d4 19. axb5 axb5 20. Bd2 Rfd8 21. Rxa8 Rxa8 22. Bb3 c4 23. dxc4 d3 24. Qe3 Na5 25. Ba2 bxc4 26. Nxh6 Qa4 27. Bb1 Qb5 28. Nf7 Qxb2 29. Ng5+ Kg8 30. Nxe6 Nb3 31. Rd1 Nxd2 32. Qxd2 Qxd2 33. Rxd2 Ra1 34. Rb2 Bh6 35. Kg2 Kf7 36. Nc5 d2 37. Bc2 Rc1 38. Ba4 Rxc3 39. Rb7+ Kg8 40. Rd7 Ra3 41. Bb5 c3 42. Bc4+ Kh8 43. Rd8+ Kh7 44. Bg8+ Kg7 45. Ne6+ Kf6 0-1


[Site "https://www.chess.com"]

[Event "Titled Tuesday Blitz May 2 Late 2023"]
[White "Bluebaum, Matthias"]
[Black "Mekhitarian, Krikor Sevag"]
[WhiteFideId "24651516"]
[BlackFideId "2107660"]
[WhiteElo "2638"]
[BlackElo "2604"]
[Result "0-1"]
[Round "05"]
[TimeControl "180+2"]
[Date "2023.05.02"]
[WhiteClock "0:00:16"]
[BlackClock "0:00:15"]

1. d4 Nf6 2. c4 g6 3. Nc3 d5 4. cxd5 Nxd5 5. e4 Nxc3 6. bxc3 Bg7 7. Nf3 c5 8. Bb5+ Nc6 9. O-O O-O 10. Bxc6 bxc6 11. Qc2 cxd4 12. cxd4 Bg4 13. Ne5 Qxd4 14. Bb2 Qb6 15. Rab1 Bxe5 16. Bxe5 Qa5 17. Bc3 Qc5 18. Qb2 Qc4 19. f3 Be6 20. Rfc1 Qxa2 21. Qb4 Rfe8 22. Ra1 Qc4 23. Qa3 Qe2 24. Qc5 Qb5 25. Qe3 f6 26. Ra5 Qb6 27. Rc5 a5 28. Bd4 Red8 29. h4 Qb4 30. Bc3 Rd3 31. Qf2 Qb6 32. h5 Rad8 33. Bxa5 Rd1+ 34. Kh2 Qb8+ 35. f4 Rxc1 36. Rxc1 Rc8 37. Rc2 Kf7 38. Rb2 Qd6 39. Rd2 Qa3 40. Bb6 Qb4 41. f5 gxf5 42. exf5 Bd5 43. Bc5 Qg4 44. Rd4 Qg5 45. Qe2 Re8 46. Qf2 Rg8 47. g4 Qc1 48. Rxd5 cxd5 49. Bd4 Qg5 50. Qe2 Qxg4 51. Qe6+ Kf8 52. Qc8+ Kg7 53. Bxf6+ Kxf6 54. Qe6+ Kg5 55. Qxg8+ Kh4 56. Qxd5 Qg3+ 57. Kh1 Qe1+ 58. Kg2 Qe2+ 59. Kg1 Qxh5 60. Qe4+ Qg4+ 61. Qxg4+ Kxg4 62. Kg2 Kxf5 63. Kf3 e5 64. Ke3 e4 65. Ke2 Kf4 66. Kf2 e3+ 67. Ke1 Kf3 68. Kf1 e2+ 69. Ke1 h5 70. Kd2 Kf2 71. Kd3 e1=Q 72. Kd4 Qe3+ 73. Kd5 Qf4 74. Kc6 Qe5 75. Kb7 Qd6 76. Kc8 Qe7 77. Kb8 Ke3 78. Ka8 Kd4 79. Kb8 Kc5 80. Ka8 Kb6 81. Kb8 Qd8# 0-1


[Site "https://www.chess.com"]

[Event "Titled Tuesday Blitz May 2 Late 2023"]
[White "Kosakowski, Jakub"]
[Black "Bortnyk, Olexandr"]
[WhiteFideId "1185080"]
[BlackFideId "14120828"]
[WhiteElo "2488"]
[BlackElo "2734"]
[Result "1-0"]
[Round "05"]
[TimeControl "180+2"]
[Date "2023.05.02"]
[WhiteClock "0:00:12"]
[BlackClock "0:00:03"]

1. Nf3 Nf6 2. d4 b6 3. Bg5 Bb7 4. Bxf6 exf6 5. Nbd2 d5 6. e3 Bd6 7. Bd3 O-O 8. c3 c5 9. Qc2 g6 10. h4 c4 11. Be2 h5 12. e4 dxe4 13. Nxe4 Bf4 14. O-O Re8 15. Ng3 Qc7 16. Rae1 Nd7 17. Kh2 f5 18. b3 cxb3 19. axb3 Nf6 20. Bc4 Ng4+ 21. Kh3 Bxf3 22. gxf3 Nf6 23. Nxf5 Qd7 24. Rg1 Rxe1 25. Rxg6+ Kf8 26. Rxf6 Rh1+ 27. Kg2 Rh2+ 28. Kg1 Re8 29. Qb1 b5 30. Rxf7+ Qxf7 31. Bxf7 Kxf7 32. Ng3 Bxg3 33. Qf5+ Kg7 34. Qg5+ Kf7 35. Qxh5+ Kf8 36. Qh6+ Kf7 37. Qh7+ Kf6 38. Qh6+ Kf7 39. Qh5+ Kf8 40. Qf5+ Kg8 41. Qg6+ Kf8 42. Qxg3 1-0


[Site "https://www.chess.com"]

[Event "Titled Tuesday Blitz May 2 Late 2023"]
[White "Maghsoodloo, Parham"]
[Black "Aldokhin, Ivan"]
[WhiteFideId "12539929"]
[BlackFideId "24115720"]
[WhiteElo "2647"]
[BlackElo "2322"]
[Result "1/2-1/2"]
[Round "05"]
[TimeControl "180+2"]
[Date "2023.05.02"]
[WhiteClock "0:00:03"]
[BlackClock "0:00:02"]

1. d4 Nf6 2. c4 g6 3. Nc3 Bg7 4. e4 d6 5. h3 O-O 6. Be3 Nc6 7. Nf3 Re8 8. d5 Nb4 9. a3 Na6 10. Bd3 e6 11. O-O exd5 12. exd5 Nc5 13. Bc2 Nfe4 14. Nxe4 Nxe4 15. Bd4 Ng5 16. Bxg7 Kxg7 17. Ba4 Nxf3+ 18. Qxf3 Bd7 19. Qc3+ Kg8 20. Bxd7 Qxd7 21. Rfe1 Rxe1+ 22. Rxe1 Re8 23. Rxe8+ Qxe8 24. Qa5 b6 25. Qc3 Qe4 26. f3 Qf4 27. Kf2 h5 28. g3 Qf5 29. Kg2 Qb1 30. h4 Qd1 31. b3 a5 32. a4 Qe2+ 33. Kg1 Qd1+ 34. Kf2 Qh1 35. f4 Qh2+ 36. Ke1 Qg1+ 37. Kd2 Qf2+ 38. Kc1 Kf8 39. Kb1 Ke7 40. Kc1 Kd7 41. Qd3 Ke7 42. Qc3 Kd7 43. Kd1 Qf1+ 44. Kc2 Qf2+ 45. Kb1 Qg1+ 46. Ka2 Qf2+ 47. Ka3 Qc5+ 48. b4 axb4+ 49. Qxb4 Qe3+ 50. Qb3 Qc1+ 51. Ka2 Qd2+ 52. Kb1 Qe1+ 53. Kc2 Qe2+ 54. Kc1 Qe1+ 55. Kb2 Qd2+ 56. Ka3 Qc1+ 57. Kb4 Qe1+ 58. Qc3 Qb1+ 59. Ka3 Qd1 60. Kb4 Qb1+ 61. Ka3 Qd1 62. Qe3 Qc2 63. Qb3 Qc1+ 1/2-1/2


[Site "https://www.chess.com"]

[Event "Titled Tuesday Blitz May 2 Late 2023"]
[White "Kourkoulos-Arditis, Stamatis"]
[Black "Terry, Renato"]
[WhiteFideId "4221990"]
[BlackFideId "3803457"]
[WhiteElo "2400"]
[BlackElo "2575"]
[Result "0-1"]
[Round "05"]
[TimeControl "180+2"]
[Date "2023.05.02"]
[WhiteClock "0:00:03"]
[BlackClock "0:00:04"]

1. e4 e6 2. d4 d5 3. Nd2 Be7 4. Ngf3 Nf6 5. e5 Nfd7 6. Bd3 c5 7. c3 Nc6 8. O-O g5 9. dxc5 Ndxe5 10. Nxe5 Nxe5 11. Nb3 Nxd3 12. Qxd3 f6 13. f4 gxf4 14. Bxf4 e5 15. Bxe5 fxe5 16. Qf3 Be6 17. Qh5+ Kd7 18. Qxe5 Qc7 19. Qe3 Rae8 20. Rae1 Bd8 21. Qh6 Rhg8 22. Nd4 Qxc5 23. Rxe6 Kc8 24. Qxh7 Bb6 25. Rxe8+ Rxe8 26. Qf7 Qb5 27. Kh1 Bxd4 28. cxd4 Kb8 29. h3 a6 30. b3 Re2 31. Rf2 Re4 32. Qf8+ Ka7 33. Qc5+ Qxc5 34. dxc5 d4 35. Rd2 b6 36. cxb6+ Kxb6 37. g4 Kc5 38. Kg2 Kb4 39. Kf3 Re3+ 40. Kf4 Kc3 41. Rh2 Re8 42. g5 d3 43. g6 Re2 44. Rh1 d2 45. Rd1 Re1 46. Rxd2 Kxd2 47. h4 Rh1 48. Kg5 Rg1+ 49. Kf6 Rf1+ 50. Ke6 Re1+ 51. Kf7 Rf1+ 52. Ke6 Re1+ 53. Kf5 Rf1+ 54. Kg5 Rg1+ 55. Kh6 Ke3 56. h5 Kf4 57. Kg7 Kg5 58. h6 Rc1 59. h7 Rc7+ 60. Kg8 Kxg6 61. h8=N+ Kf6 62. b4 Rb7 63. a3 Ra7 64. a4 Rg7+ 65. Kf8 Rb7 0-1


[Site "https://www.chess.com"]

[Event "Titled Tuesday Blitz May 2 Late 2023"]
[White "Kleiman, Jake"]
[Black "Chigaev, Maksim"]
[WhiteFideId "2020041"]
[BlackFideId "4108116"]
[WhiteElo "2399"]
[BlackElo "2547"]
[Result "0-1"]
[Round "05"]
[TimeControl "180+2"]
[Date "2023.05.02"]
[WhiteClock "0:00:11"]
[BlackClock "0:00:07"]

1. e4 e6 2. d4 d5 3. Nd2 c5 4. exd5 Qxd5 5. Ngf3 cxd4 6. Bc4 Qd7 7. O-O Nc6 8. Nb3 Nf6 9. Nbxd4 Nxd4 10. Nxd4 a6 11. c3 b5 12. Bb3 Bb7 13. Re1 Bc5 14. Be3 Be7 15. Bg5 Nd5 16. Bxe7 Nxe7 17. Qg4 h5 18. Qg5 Rh6 19. Bc2 Qd5 20. h4 Qxg5 21. hxg5 Rh8 22. g6 Bd5 23. Rad1 Rd8 24. a4 h4 25. Kh2 bxa4 26. Bxa4+ Kf8 27. c4 Rh5 28. cxd5 Rhxd5 29. Nf3 Nxg6 30. Rxd5 Rxd5 31. Rd1 Rf5 32. Rd8+ Ke7 33. Rd7+ Kf8 34. Ra7 a5 35. Kg1 h3 36. Nd4 Rf4 37. Rd7 Ne5 38. Rd6 hxg2 39. b3 Rg4 40. f3 Rxd4 41. Rxd4 Nxf3+ 42. Kxg2 Nxd4 43. Kf2 Ke7 44. Ke3 e5 45. Ke4 Ke6 0-1


[Site "https://www.chess.com"]

[Event "Titled Tuesday Blitz May 2 Late 2023"]
[White "Schmakel, Sam"]
[Black "Naroditsky, Daniel"]
[WhiteFideId "2039311"]
[BlackFideId "2026961"]
[WhiteElo "2356"]
[BlackElo "2633"]
[Result "0-1"]
[Round "05"]
[TimeControl "180+2"]
[Date "2023.05.02"]
[WhiteClock "0:00:02"]
[BlackClock "0:01:31"]

1. d4 Nf6 2. c4 g6 3. Nc3 Bg7 4. e4 d6 5. h3 O-O 6. Be3 e5 7. d5 Na6 8. g4 Nc5 9. f3 a5 10. h4 h5 11. g5 Nfd7 12. Qd2 a4 13. Be2 c6 14. Nh3 Qa5 15. Nf2 Nb6 16. O-O Bd7 17. dxc6 Bxc6 18. Qxd6 Ne6 19. Nd5 Bxd5 20. cxd5 Nd4 21. Bxd4 exd4 22. Rac1 Rfd8 23. Qc5 Qa7 24. Nd3 a3 25. bxa3 Rac8 26. Qb4 Rc3 27. d6 Nc4 28. Kh1 Nxd6 29. Rxc3 dxc3 30. Rc1 Qe3 31. Bf1 Qxf3+ 32. Kg1 Nxe4 0-1


[Site "https://www.chess.com"]

[Event "Titled Tuesday Blitz May 2 Late 2023"]
[White "Prohaszka, Peter"]
[Black "Duda, Jan-Krzysztof"]
[WhiteFideId "726265"]
[BlackFideId "1170546"]
[WhiteElo "2626"]
[BlackElo "2790"]
[Result "1-0"]
[Round "05"]
[TimeControl "180+2"]
[Date "2023.05.02"]
[WhiteClock "0:00:09"]
[BlackClock "0:00:03"]

1. d4 Nf6 2. Nf3 g6 3. c3 d6 4. Bg5 Nbd7 5. Nbd2 h6 6. Bh4 g5 7. Bg3 Nh5 8. e4 Bg7 9. Bc4 e6 10. Nf1 Qe7 11. N3d2 Nxg3 12. Nxg3 Nf6 13. Be2 Bd7 14. a4 O-O-O 15. a5 Kb8 16. Qb3 c5 17. dxc5 dxc5 18. a6 b6 19. Bb5 h5 20. O-O-O h4 21. Ne2 h3 22. gxh3 Bc8 23. f3 Rxh3 24. Ng3 Bh6 25. Kb1 g4 26. Nc4 Bf4 27. e5 Nd5 28. fxg4 Nc7 29. Bc6 Bxa6 30. Nxb6 axb6 31. Qxb6+ Kc8 32. Ne4 Bxe5 33. Nxc5 Rxh2 34. Bb7+ Kb8 35. Bxa6+ 1-0


[Site "https://www.chess.com"]

[Event "Titled Tuesday Blitz May 2 Late 2023"]
[White "Deac, Bogdan-Daniel"]
[Black "Jaracz, Pawel"]
[WhiteFideId "1226380"]
[BlackFideId "1102222"]
[WhiteElo "2649"]
[BlackElo "2438"]
[Result "1-0"]
[Round "05"]
[TimeControl "180+2"]
[Date "2023.05.02"]
[WhiteClock "0:00:33"]
[BlackClock "0:00:04"]

1. d4 Nf6 2. c4 e6 3. Nc3 Bb4 4. e3 O-O 5. Bd3 c5 6. Nf3 Bxc3+ 7. bxc3 d6 8. O-O Nc6 9. Bb2 e5 10. Nd2 Re8 11. Qb1 Qe7 12. d5 Nb8 13. f3 Nbd7 14. Qe1 Nb6 15. a4 Bd7 16. Qd1 a5 17. e4 Nh5 18. g3 g6 19. Re1 Rf8 20. Qb3 Qd8 21. Be2 Ng7 22. Bc1 f5 23. exf5 gxf5 24. f4 e4 25. Nf1 Be8 26. Ne3 Bh5 27. Bxh5 Nxh5 28. Rb1 Ra6 29. Qd1 Qe8 30. Rb5 Qg6 31. Kh1 Nf6 32. Qb3 Nbd7 33. Rxb7 Rf7 34. Qb5 Ra8 35. Qc6 Raf8 36. Qxd6 Kg7 37. Qe6 Ng4 38. Rxd7 Rxd7 39. Qxd7+ Rf7 40. Qe6 Qh5 41. Nxg4 Qxg4 42. Qe5+ Kg6 43. Qd6+ Rf6 44. Qxc5 Qf3+ 45. Kg1 Qxc3 46. Qe3 1-0


[Site "https://www.chess.com"]